 Dungeon Crawl Stone Soup version 0.28-a0-677-g3278d6a771 (webtiles) character file.

Game seed: 17676104714140234359

815 Gargoyl the Skirmisher (level 7, 0/60 HPs)
             Began as a Gnoll Abyssal Knight on Oct 18, 2021.
             Was a Believer of Lugonu.
             Slain by Prince Ribbit (16 damage)
             ... on level 4 of the Dungeon.
             The game lasted 00:05:46 (5195 turns).

Gargoyl the Skirmisher (Gnoll Abyssal Knight)       Turns: 5195, Time: 00:05:46

Health: 0/60       AC:  0    Str: 14    XL:     7   Next: 94%
Magic:  0/11       EV: 14    Int:  9    God:    Lugonu [**....]
Gold:   82         SH:  0    Dex: 13    Spells: 11/11 levels left

rFire   . . .      SeeInvis .   a - +4 hand axe
rCold   . . .      Faith    .   (no shield)
rNeg    . . .      Spirit   +   n - +0 scale mail
rPois   .          Reflect  .   (no helmet)
rElec   .          Harm     .   (no cloak)
rCorr   .          Rampage  .   g - +0 pair of gloves
Will    .....                   (no boots)
Stlth   +.........              c - amulet of guardian spirit
HPRegen 0.20/turn               k - +4 ring of evasion
MPRegen 0.12/turn               (no ring)

@: corroded
A: fangs 1, strong nose, distributed training
a: Renounce Religion, Depart the Abyss, Bend Space


You were on level 4 of the Dungeon.
You worshipped Lugonu.
Lugonu was pleased with you.
You visited 1 branch of the dungeon, and saw 5 of its levels.
You visited the Abyss 1 time.

You collected 192 gold pieces.
You spent 110 gold pieces at shops.

Inventory:

Hand Weapons
 a - a +4 hand axe (weapon)
 p - a +0 executioner's axe
Missiles
 j - 10 poisoned darts (quivered)
Armour
 g - a +0 pair of gloves (worn)
 n - a +0 scale mail (worn)
Jewellery
 c - an amulet of guardian spirit (around neck)
 k - a +4 ring of evasion (left hand)
Scrolls
 b - a scroll of immolation {unknown}
 e - a scroll of teleportation {unknown}
 f - a scroll of identify
 i - a scroll of fog
 o - 2 scrolls of enchant armour {unknown}
Potions
 d - a potion of curing {unknown}
 h - a potion of mutation {unknown}
 m - a potion of invisibility


   Skills:
 + Level 7.1 Fighting
 + Level 2.8 Short Blades
 + Level 2.8 Long Blades
 + Level 5.4 Axes
 + Level 2.8 Maces & Flails
 + Level 2.8 Polearms
 + Level 2.8 Staves
 + Level 2.8 Slings
 + Level 2.8 Bows
 + Level 2.8 Crossbows
 + Level 2.8 Throwing
 + Level 5.4 Armour
 + Level 3.8 Dodging
 + Level 2.8 Stealth
 + Level 2.8 Shields
 + Level 2.8 Unarmed Combat
 + Level 2.8 Spellcasting
 + Level 2.2 Conjurations
 + Level 2.2 Hexes
 + Level 2.2 Summonings
 + Level 2.2 Necromancy
 + Level 2.2 Translocations
 + Level 2.2 Transmutations
 + Level 2.2 Fire Magic
 + Level 2.2 Ice Magic
 + Level 2.2 Air Magic
 + Level 2.2 Earth Magic
 + Level 2.2 Poison Magic
 + Level 5.6 Invocations
 + Level 2.8 Evocations


You had 11 spell levels left.
You didn't know any spells.
Your spell library was empty.

Dungeon Overview and Level Annotations

Branches:
Dungeon (5/15)             Temple (0/1) D:4

Altars:

Shops:
D:5 *

Annotations:
D:4 Prince Ribbit
D:5 Sigmund


Innate Abilities, Weirdness & Mutations

You have very sharp teeth.
Your uncanny sense of smell can sniff out nearby items.
Your experience applies equally to all skills.


Message History

Unknown command.
You closely miss Prince Ribbit.
Prince Ribbit lets out a mournful croak.
Prince Ribbit blinks!
Throw: 14 darts (poison)
Press: ? - help, Q - select action, (/) - cycle Shift-Dir - straight line, f/p - Prince Ribbit
Aim: Prince Ribbit (41% to hit)
You throw a poisoned dart.
The poisoned dart barely misses Prince Ribbit.
Unknown command.
Throw: 13 darts (poison)
Press: ? - help, Q - select action, (/) - cycle Shift-Dir - straight line, f/p - Prince Ribbit
Aim: Prince Ribbit (41% to hit)
You throw a poisoned dart. The poisoned dart hits Prince Ribbit.
Prince Ribbit is poisoned.
Unknown command.
Throw: 12 darts (poison)
Press: ? - help, Q - select action, (/) - cycle Shift-Dir - straight line, f/p - Prince Ribbit
Aim: Prince Ribbit (poisoned, 41% to hit)
You throw a poisoned dart.
The poisoned dart barely misses Prince Ribbit.
Unknown command.
Throw: 11 darts (poison)
Press: ? - help, Q - select action, (/) - cycle Shift-Dir - straight line, f/p - Prince Ribbit
Aim: Prince Ribbit (poisoned, 41% to hit)
You throw a poisoned dart. The poisoned dart misses Prince Ribbit.
Prince Ribbit croaks regally.
Unknown command.
You barely miss Prince Ribbit. Your bite misses Prince Ribbit.
Prince Ribbit completely misses you.
You hit Prince Ribbit. Your bite misses Prince Ribbit.
Prince Ribbit is lightly wounded.
Prince Ribbit closely misses you. Prince Ribbit hits you!!
* * * LOW HITPOINT WARNING * * *
You closely miss Prince Ribbit.
You bite Prince Ribbit, but do no damage.
Prince Ribbit is lightly wounded.
Prince Ribbit hops awkwardly around.
Prince Ribbit hits you!!
You die...

#.# ..# #.# #.#####
#.....# #####.# ##### #.#
#...#
#####.##########.#.#
.........(.(...F@#.#
####.####.########.#
#........# #.#
#.#..†...########.######
#.#.........<..........#
##.#.#†.................#
...#....................#
.###.#.###..............#
.#...#.#............"...#


You could see Prince Ribbit (poisoned).

Vanquished Creatures
  Grinder (D:5)
  2 sky beasts
  A black bear (D:3)
  A scorpion (D:4)
  A jelly (D:4)
  A centaur skeleton (D:5)
  3 orc wizards
  A hound skeleton (D:5)
  A gnoll (D:1)
  7 adders
  A worm (D:3)
  2 dart slugs
  6 orcs
  7 ball pythons
  9 endoplasms
  2 giant cockroaches
  7 goblins
  9 hobgoblins
  5 quokkas
  3 bats (D:1)
  2 frilled lizards (D:1)
  2 kobolds
  4 rats
78 creatures vanquished.

Vanquished Creatures (others)
  3 fungi (D:3)
  3 plants (D:3)
6 creatures vanquished.

Grand Total: 84 creatures vanquished

Notes
Turn   | Place    | Note
-------+----------+-------------------------------------------
     0 | Abyss:1  | Gargoyl the Gnoll Abyssal Knight began the quest for the
                  | Orb.
     0 | Abyss:1  | Reached XP level 1. HP: 23/23 MP: 3/3
    48 | Abyss:1  | Noticed a thrashing horror
    58 | Abyss:1  | Noticed a large abomination
    76 | Abyss:1  | Noticed a small abomination
    86 | Abyss:1  | Noticed a raiju
    92 | D:1      | Escaped the Abyss
   403 | D:1      | Reached XP level 2. HP: 29/29 MP: 5/5
   605 | D:1      | Reached XP level 3. HP: 33/35 MP: 6/6
   832 | D:1      | Reached * piety under Lugonu
  1166 | D:2      | Reached skill level 1 in Short Blades
  1166 | D:2      | Reached skill level 1 in Long Blades
  1166 | D:2      | Reached skill level 1 in Maces & Flails
  1166 | D:2      | Reached skill level 1 in Polearms
  1166 | D:2      | Reached skill level 1 in Staves
  1166 | D:2      | Reached skill level 1 in Slings
  1166 | D:2      | Reached skill level 1 in Bows
  1166 | D:2      | Reached skill level 1 in Crossbows
  1166 | D:2      | Reached skill level 1 in Throwing
  1166 | D:2      | Reached skill level 1 in Stealth
  1166 | D:2      | Reached skill level 1 in Shields
  1166 | D:2      | Reached skill level 1 in Unarmed Combat
  1166 | D:2      | Reached skill level 1 in Spellcasting
  1166 | D:2      | Reached skill level 1 in Evocations
  1239 | D:2      | Reached XP level 4. HP: 30/41 MP: 7/7
  2214 | D:3      | Reached skill level 1 in Conjurations
  2214 | D:3      | Reached skill level 1 in Hexes
  2214 | D:3      | Reached skill level 1 in Summonings
  2214 | D:3      | Reached skill level 1 in Necromancy
  2214 | D:3      | Reached skill level 1 in Translocations
  2214 | D:3      | Reached skill level 1 in Transmutations
  2214 | D:3      | Reached skill level 1 in Fire Magic
  2214 | D:3      | Reached skill level 1 in Ice Magic
  2214 | D:3      | Reached skill level 1 in Air Magic
  2214 | D:3      | Reached skill level 1 in Earth Magic
  2214 | D:3      | Reached skill level 1 in Poison Magic
  2356 | D:3      | Found a faded altar of an unknown god.
  2577 | D:3      | Reached ** piety under Lugonu
  2673 | D:4      | Noticed a scorpion
  2696 | D:4      | Killed a scorpion
  2697 | D:4      | Reached XP level 5. HP: 24/47 MP: 4/8
  2887 | D:4      | Found a staircase to the Ecumenical Temple.
  2925 | D:4      | Noticed a black bear
  3110 | D:3      | Killed a black bear
  3111 | D:3      | Reached skill level 5 in Invocations
  3111 | D:3      | Reached XP level 6. HP: 7/53 MP: 2/9
  3574 | D:4      | Reached skill level 5 in Axes
  3574 | D:4      | Reached skill level 5 in Armour
  3895 | D:5      | Entered Level 5 of the Dungeon
  4155 | D:5      | Noticed a sky beast
  4355 | D:4      | Killed a sky beast
  4356 | D:4      | Reached XP level 7. HP: 35/59 MP: 8/10
  4501 | D:5      | Reached skill level 7 in Fighting
  4592 | D:5      | Found Miat's Mayhem Merchandise.
  4614 | D:5      | Bought a +0 executioner's axe for 110 gold pieces
  4616 | D:5      | Noticed Grinder
  4631 | D:5      | Paralysed by Grinder for 2 turns
  4644 | D:5      | Killed Grinder
  4943 | D:5      | Noticed Sigmund
  4955 | D:5      | Noticed Prince Ribbit
  5195 | D:4      | Slain by Prince Ribbit

Illustrated notes

Levels and vault maps discovered:
D:1:      minmay_arrival_five_plusses, layout_basic, nrook_campfire,
          serial_bayou_pond_e, minmay_stone_trees_medium
D:2:      layout_basic
D:3:      layout_basic, dreamdust_ecumenical_altar_hidden_monk_grotto
D:4:      layout_basic, minmay_temple_entry_sparse_star
D:5:      kennysheep_kobold_camp, layout_rooms, nicolae_ru_awakened_eye,
          minmay_shop_mayhem, chequers_serial_rivers_micro_d, minivault_23,
          lightli_corner_chamber, uniq_menkaure, uniq_sigmund,
          uniq_prince_ribbit1, uniq_grinder

Skill      XL: |  1  2  3  4  5  6  7 |
---------------+----------------------+-----
Short Blades   | 1 2 |  2.8
Long Blades    | 1 2 |  2.8
Maces & Flails | 1 2 |  2.8
Polearms       | 1 2 |  2.8
Staves         | 1 2 |  2.8
Slings         | 1 2 |  2.8
Bows           | 1 2 |  2.8
Crossbows      | 1 2 |  2.8
Throwing       | 1 2 |  2.8
Stealth        | 1 2 |  2.8
Shields        | 1 2 |  2.8
Unarmed Combat | 1 2 |  2.8
Spellcasting   | 1 2 |  2.8
Evocations     | 1 2 |  2.8
Conjurations   | 1 2 |  2.2
Hexes          | 1 2 |  2.2
Summonings     | 1 2 |  2.2
Necromancy     | 1 2 |  2.2
Translocations | 1 2 |  2.2
Transmutations | 1 2 |  2.2
Fire Magic     | 1 2 |  2.2
Ice Magic      | 1 2 |  2.2
Air Magic      | 1 2 |  2.2
Earth Magic    | 1 2 |  2.2
Poison Magic   | 1 2 |  2.2
Dodging        | 3 |  3.8
Invocations    | 5 |  5.6
Axes           | 5 |  5.4
Armour         | 5 |  5.4
Fighting       | 7 |  7.1

Action                   |  1- 3 |  4- 6 |  7- 9 || total
-------------------------+-------+-------+-------++-------
Melee: Hand axe          |    55 |   123 |    43 ||   221
       Bite              |     3 |     8 |    11 ||    22
       Punch             |       |     2 |     1 ||     3
Throw: Dart              |       |    13 |    24 ||    37
Invok: Depart the Abyss  |     1 |       |       ||     1
  Use: Scroll            |     5 |     2 |       ||     7
       Potion            |     1 |     3 |     2 ||     6
 Stab: Sleeping          |     2 |     1 |       ||     3
Armor: Leather armour    |    17 |    20 |       ||    37
       Scale mail        |       |    38 |    16 ||    54
Dodge: Dodged            |    36 |   122 |    24 ||   182

Table legend: (Time is in decaauts)
 A = Elapsed time spent in this place.
 B = Non-inter-level travel time spent in this place.
 C = Inter-level travel time spent in this place.
 D = Time resting spent in this place.
 E = Time spent auto-exploring this place.
 F = Levels seen in this place.
 G = Mean time per level.
                   A        B        C        D        E       F      G
               +--------+--------+--------+--------+--------+-----+--------+
         Total |   5197 |   5045 |    152 |    595 |   3561 |   6 |  866.2 |
       Dungeon |   5103 |   4951 |    152 |    595 |   3513 |   5 | 1020.6 |
         Abyss |     93 |     93 |      0 |      0 |     48 |   1 |   93.0 |
               +--------+--------+--------+--------+--------+-----+--------+

Top non-repeatable levels by time:
     D:4: 1337 daAuts
     D:2: 1163 daAuts
     D:3: 956 daAuts
     D:1: 952 daAuts
     D:5: 693 daAuts
 Abyss:1: 93 daAuts
